 Dungeon Crawl Stone Soup version 0.30.0-5-g1a98f26d00 (webtiles) character file.

Game seed: 4179946332933427578

112 backslashecho the Chopper (level 4, -3/61 HPs)
             Began as a Hill Orc Monk on May 10, 2023.
             Slain by Pikel
             ... wielding a +2 whip of flaming
              (9 damage)
             ... on level 4 of the Dungeon.
             The game lasted 00:04:27 (2537 turns).

backslashecho the Chopper (Hill Orc Monk)           Turns: 2537, Time: 00:04:27

Health: -3/61      AC: 22    Str: 19    XL:     4   Next: 93%
Magic:  4/4        EV:  2    Int: 10    God:
Gold:   145        SH:  0    Dex: 13    Spells: 3/3 levels left

rFire   . . .        a - +0 hand axe
rCold   . . .        d - orb {light}
rNeg    + . .        n - melded +0 ring mail
rPois   +            q - melded +0 helmet
rElec   .            e - melded +2 cloak
rCorr   .            (gloves currently unavailable)
SInv    +            w - melded +0 pair of boots
Will    .....        (no amulet)
Stlth   +            t - ring "Minucwef" {rPois rN+ Str+4 SInv}
HPRegen 0.30/turn    (no ring)
MPRegen 0.09/turn

%: no passive effects
@: brilliant, tree-form, glowing
A: stationary, stasis, torment immunity, boosted hp
a: no special abilities


You were on level 4 of the Dungeon.
You were a tree.
You visited 1 branch of the dungeon, and saw 4 of its levels.

You collected 145 gold pieces.

Inventory:

Hand Weapons
 a - a +0 hand axe (weapon)
 b - the +5 dagger "Moxeck" {venom, rF+ Dex+5}
   (You found it on level 2 of the Dungeon)

   Dex:       It affects your dexterity (+5).
   rF:        It protects you from fire.
Missiles
 o - 8 poisoned darts (quivered)
Armour
 d - an orb of light (worn)
 e - a +2 cloak (melded)
 n - a +0 ring mail (melded)
 q - a +0 helmet (melded)
 u - a +0 plate armour
 w - a +0 pair of boots (melded)
Jewellery
 t - the ring "Minucwef" (left branch) {rPois rN+ Str+4 SInv}
   (You found it on level 3 of the Dungeon)

   [ring of positive energy]

   Str:       It affects your strength (+4).
   rPois:     It protects you from poison.
   rN:        It protects you from negative energy.
   SInv:      It lets you see invisible.
Wands
 v - a wand of charming (14)
Scrolls
 f - 2 scrolls of teleportation {unknown}
 h - 3 scrolls of enchant armour {unknown}
 i - a scroll of blinking {unknown}
 j - 2 scrolls of immolation {unknown}
 k - 4 scrolls of identify {unknown}
 r - a scroll of amnesia {unknown}
Potions
 c - 2 potions of ambrosia
 m - a potion of might {unknown}
 p - 5 potions of haste {unknown}
 s - a potion of curing {unknown}


   Skills:
 + Level 4.7 Fighting
 + Level 5.2 Axes
 + Level 3.2 Dodging
 - Level 1.0 Unarmed Combat


You had 3 spell levels left.
You didn't know any spells.
Your spell library was empty.

Dungeon Overview and Level Annotations

Branches:
Dungeon (4/15)
 Temple: D:4-7

Altars:
Okawaru

Shops:
D:2 (

Annotations:
D:4 Pikel


Message History

* * * LOW HITPOINT WARNING * * *
You take 7 damage, and have 7/41 hp.
It was a potion of brilliance.
You feel clever all of a sudden. Pikel closely misses you.
It was a potion of lignification.
You turn into a tree.
Your +2 cloak melds into your body.
Your +0 helmet melds into your body.
Your +0 pair of boots melds into your body.
Your +0 ring mail melds into your body.
Your roots penetrate the ground.
Pikel hits you with a +2 whip of flaming.
* * * LOW HITPOINT WARNING * * *
Pikel burns you.
* * * LOW HITPOINT WARNING * * *
You now have 9/61 hp.
You slash Pikel!
Pikel is heavily wounded.
Pikel hits you but does no damage.
You hit Pikel but do no damage.
Pikel is heavily wounded.
Pikel hits you but does no damage.
You hit Pikel but do no damage.
Pikel is heavily wounded.
Pikel hits you but does no damage.
You hit Pikel.
Pikel is heavily wounded.
Pikel hits you but does no damage.
You closely miss Pikel.
Pikel is heavily wounded.
Pikel hits you with a +2 whip of flaming.
* * * LOW HITPOINT WARNING * * *
Pikel burns you.
* * * LOW HITPOINT WARNING * * *
You take 1 damage, and have 9/61 hp.
You hit Pikel.
Pikel is severely wounded.
Pikel hits you but does no damage.
You hit Pikel.
Pikel is severely wounded.
Pikel hits you with a +2 whip of flaming.
* * * LOW HITPOINT WARNING * * *
Pikel burns you.
* * * LOW HITPOINT WARNING * * *
You take 4 damage, and have 5/61 hp.
You hit Pikel.
Pikel is almost dead.
Pikel hits you but does no damage.
You closely miss Pikel.
Pikel is almost dead.
Pikel hits you with a +2 whip of flaming!
You die...

### #.# ###########.#
#...........#
#.#########.# #.# #.# #.#
#.#
#########.#########.###
#.555K♣................
..>..######.#########.###
... #.# #.# .
#.#########.###
#........).....
###########'###
#...###...# #...#.#...#.
#...'.'...#.


You could see Pikel and 3 lemures.

Vanquished Creatures
  An adder (D:2)
  3 worms (D:2)
  4 dart slugs (D:1)
  3 orcs
  3 ball pythons
  5 endoplasms
  2 giant cockroaches
  7 hobgoblins
  13 jackals
  2 quokkas (D:1)
  4 bats
  4 frilled lizards
  13 goblins
  6 kobolds
  3 rats
73 creatures vanquished.

Vanquished Creatures (others)
  A lemure (D:4)
1 creature vanquished.

Grand Total: 74 creatures vanquished

Notes
Turn   | Place    | Note
-------+----------+-------------------------------------------
     0 | D:1      | backslashecho the Hill Orc Monk began the quest for the
                  | Orb.
     0 | D:1      | Reached XP level 1. HP: 19/19 MP: 1/1
    47 | D:2      | Reached XP level 2. HP: 10/27 MP: 2/2
   147 | D:1      | Reached skill level 1 in Unarmed Combat
   267 | D:1      | Reached XP level 3. HP: 27/33 MP: 3/3
  1255 | D:2      | Identified the +5 dagger "Moxeck" {venom, rF+ Dex+5}
  1469 | D:2      | Reached XP level 4. HP: 41/41 MP: 4/4
  1608 | D:2      | Found Wuenod's Weapon Boutique.
  1743 | D:2      | Reached skill level 5 in Axes
  2201 | D:3      | Found an iron altar of Okawaru.
  2298 | D:3      | Identified the ring "Minucwef" {rPois rN+ Str+4 SInv}
  2394 | D:3      | Noticed an ogre
  2501 | D:4      | Noticed a lemure
  2501 | D:4      | Noticed Pikel
  2501 | D:4      | Noticed a lemure
  2502 | D:4      | Noticed a lemure
  2502 | D:4      | Noticed a lemure
  2537 | D:4      | Slain by Pikel

Illustrated notes

Levels and vault maps discovered:
D:1:      dpeg_arrival_stonehenge_8_columns, layout_loops_ring, serial_forest,
          infiniplex_forest_lined_2, infiniplex_forest_lined_4_way,
          infiniplex_forest_join, infiniplex_forest_clump_long
D:2:      cheibrodos_greedy_goblins, layout_loops_ring, serial_shops, shop,
          grunt_ministairs_7
D:3:      layout_rooms, lemuel_round_altar
D:4:      layout_basic, nicolae_zen_rock_garden, nicolae_shop_vocational,
          uniq_pikel

Skill      XL: |  1  2  3  4 |
---------------+-------------+-----
Unarmed Combat | 1 |  1.0
Fighting       | 4 |  4.7
Dodging        | 3 |  3.2
Axes           | 5 |  5.2

Action                     |  1- 3 |  4- 6 || total
---------------------------+-------+-------++-------
  Melee: Hand axe          |   109 |    98 ||   207
  Evoke: Wand              |       |     1 ||     1
    Use: Potion            |       |     2 ||     2
 Armour: Robe              |    21 |       ||    21
         Ring mail         |     9 |    36 ||    45
         Skin              |       |     6 ||     6
  Dodge: Dodged            |    82 |    34 ||   116
